[Event "42nd Olympiad Baku 2016 Women"]
[Site "Baku"]
[Date "2016.09.08"]
[Round "6.10"]
[White "Lazarne Vajda, Szidonia"]
[Black "Dauletova, Gulmira"]
[Result "1/2-1/2"]
[ECO "B22"]
[WhiteElo "2372"]
[BlackElo "2275"]
[Annotator ""]
[PlyCount "147"]
[EventDate "2016.??.??"]
[EventType "team-tourn"]
[EventCountry "AZE"]
[SourceTitle "playchess.com"]
[Source "ChessBase"]
[WhiteTeam "Hungary"]
[BlackTeam "Kazakhstan"]
[WhiteTeamCountry "HUN"]
[BlackTeamCountry "KAZ"]
[TimeControl "40/5400+30:1800+30"]

1. e4 {(00:00} c5 {(00:00} 2. c3 {(00:05} Nf6 {(
00:25} 3. e5 {(00:34} Nd5 {(00:26} 4. d4 {(00:33} cxd4
{(00:32} 5. Nf3 {(00:31} Nc6 {(00:36} 6. cxd4 {(
00:44} d6 {(00:48} 7. Bc4 {(00:41} Nb6 {(00:21} 8. Bb5
{(00:37} dxe5 {(00:44} 9. Nxe5 {(00:29} Bd7 {(
00:35} 10. Nxd7 {(00:50} Qxd7 {(00:18} 11. O-O {(01:52]
} e6 {(00:31} 12. Nc3 {(00:43} Rc8 {(01:13} 13. Be3 {
(07:14} a6 {(01:49} 14. Bxc6 {(07:14} Rxc6 {(00:
26} 15. Qh5 {(00:24} Nd5 {(05:42} 16. Nxd5 {(05:17}
Qxd5 {(04:42} 17. Qxd5 {(00:09} exd5 {(00:04} 18. Rac1
{(00:11} Kd7 {(06:49} 19. Rxc6 {(00:40} bxc6 {(
02:46} 20. Rc1 {(09:47} Bd6 {(07:25} 21. g3 {(02:29}
h5 {(13:36} 22. h4 {(04:52} Rb8 {(09:53} 23. Rc2 {
(00:38} a5 {(11:47} 24. Kf1 {(03:51} a4 {(00:45]
} 25. Ke2 {(00:10} f6 {(07:41} 26. Kd3 {(06:45} Be7 {
(01:26} 27. Bf4 {(04:44} Rg8 {(03:57} 28. f3 {(
01:12} g5 {(03:02} 29. hxg5 {(00:16} fxg5 {(00:01} 30.
Be5 {(00:10} h4 {(01:17} 31. Rg2 {(05:41} Rf8 {(
01:08} 32. Ke3 {(00:06} Rf5 {(11:42} 33. b3 {(08:46}
a3 {(02:06} 34. gxh4 {(04:31} gxh4 {(00:01} 35. Rg7 {
(00:18} Ke6 {(01:22} 36. Rg6+ {(02:40} Kd7 {(00:
18} 37. f4 {(01:31} Rh5 {(00:44} 38. Kf2 {(01:05} h3 {
(00:30} 39. Kg1 {(00:15} c5 {(00:44} 40. dxc5 {(
00:00} Bxc5+ {(00:00} 41. Kh2 {(06:30} d4 {(07:14} 42.
Rg3 {(13:18} Ke6 {(05:08} 43. b4 {(00:19} Bxb4 {
(10:37} 44. Bxd4 {(01:14} Rd5 {(00:29} 45. Be3 {
(01:07} Rd1 {(00:45} 46. Kxh3 {(07:16} Ra1 {(00:
28} 47. Rg2 {(00:29} Kf5 {(01:59} 48. Rc2 {(02:27} Ke4
{(02:57} 49. Rc4+ {(06:04} Kf3 {(01:02} 50. Rc1 {
(07:17} Rxa2 {(00:18} 51. Bg1 {(00:47} Bd2 {(04:
00} 52. Rf1+ {(01:50} Ke2 {(00:01} 53. Rf2+ {(00:21}
Ke1 {(00:01} 54. Rg2 {(01:52} Rb2 {(01:00} 55. Bd4 {
(00:19} Rb4 {(00:48} 56. Bc5 {(03:41} Rb3+ {(01:
40} 57. Kg4 {(00:17} a2 {(00:49} 58. Rg1+ {(00:25} Ke2
{(00:02} 59. Ra1 {(00:18} Rb2 {(00:06} 60. Bd4 {
(00:08} Rc2 {(00:13} 61. Be5 {(01:06} Kd3 {(00:
38} 62. Kf3 {(02:10} Bc3 {(01:34} 63. Bxc3 {(00:17}
Kxc3 {(00:01} 64. Ke4 {(00:40} Kb2 {(00:20} 65. Rxa2+ {
(00:34} Kxa2 {(00:01} 66. f5 {(00:21} Kb3 {(00:
20} 67. f6 {(00:23} Kc4 {(00:08} 68. Ke5 {(00:07} Kc5
{(01:04} 69. f7 {(00:33} Rf2 {(00:43} 70. Ke6 {(
00:05} Kc6 {(00:10} 71. Ke7 {(00:05} Re2+ {(00:10} 72.
Kd8 {(00:13} Rd2+ {(00:08} 73. Ke7 {(00:07} Re2+ {
(00:05} 74. Kd8 {(00:04} 1/2-1/2

[Event "42nd Olympiad Baku 2016 Women"]
[Site "Baku"]
[Date "2016.09.08"]
[Round "6.17"]
[White "Lebel-Arias, Julia"]
[Black "Herrera, Marjorie"]
[Result "0-1"]
[ECO "A48"]
[WhiteElo "1802"]
[BlackElo "1738"]
[Annotator ""]
[PlyCount "64"]
[EventDate "2016.??.??"]
[EventType "team-tourn"]
[EventCountry "AZE"]
[SourceTitle "playchess.com"]
[Source "ChessBase"]
[WhiteTeam "Monaco"]
[BlackTeam "El Salvador"]
[WhiteTeamCountry "MNC"]
[BlackTeamCountry "ESA"]
[TimeControl "40/5400+30:1800+30"]

1. d4 {(00:00} Nf6 {(00:00} 2. Nf3 {(00:00} g6 {
(00:08} 3. Bf4 {(00:09} Bg7 {(00:08} 4. Nbd2 {(
00:32} O-O {(00:13} 5. e3 {(00:15} b6 {(00:47} 6. c3 {
(00:27} Bb7 {(00:08} 7. Bd3 {(00:39} d6 {(00:39]
} 8. O-O {(00:20} Nbd7 {(01:14} 9. Bg5 {(04:06} c5 {
(03:11} 10. Re1 {(00:29} Rc8 {(04:10} 11. Qe2 {(
00:25} Qc7 {(03:57} 12. Rac1 {(01:33} Rfe8 {(02:03}
13. h3 {(01:03} e5 {(04:19} 14. dxe5 {(00:18} dxe5 {
(03:52} 15. e4 {(00:15} h6 {(01:42} 16. Be3 {(
04:12} g5 {(02:47} 17. Nh2 {(01:22} c4 {(10:37} 18.
Bxc4 {(00:56} Nxe4 {(01:46} 19. Nxe4 {(10:12} Bxe4 {
(00:46} 20. Bxf7+ {(00:59} Kxf7 {(00:42} 21. Bxb6 {
(01:02} Qxb6 {(02:00} 22. Qxe4 {(00:09} Nf6 {(
01:01} 23. Qf5 {(01:05} Rc5 {(03:47} 24. Rcd1 {(01:24}
e4 {(03:59} 25. Rd7+ {(02:31} Kf8 {(00:29} 26. Qg6 {
(10:40} Nxd7 {(00:13} 27. Qh5 {(00:40} Rf5 {(04:
11} 28. Qe2 {(00:22} Nc5 {(10:13} 29. Ng4 {(05:56} Nd3
{(01:04} 30. Rf1 {(07:26} Qxb2 {(00:56} 31. Qxb2 {
(06:44} Nxb2 {(00:08} 32. Rb1 {(02:14} Bxc3 {(
00:46} 0-1

[Event "42nd Olympiad Baku 2016 Women"]
[Site "Baku"]
[Date "2016.09.08"]
[Round "6.2"]
[White "Lee, Seyeon"]
[Black "Alkaseir, Roaa"]
[Result "1/2-1/2"]
[ECO "B54"]
[WhiteElo "1577"]
[BlackElo "1674"]
[Annotator ""]
[PlyCount "119"]
[EventDate "2016.??.??"]
[EventType "team-tourn"]
[EventCountry "AZE"]
[SourceTitle "playchess.com"]
[Source "ChessBase"]
[WhiteTeam "Korea"]
[BlackTeam "Syria"]
[WhiteTeamCountry "KOR"]
[BlackTeamCountry "SYR"]
[TimeControl "40/5400+30:1800+30"]

1. e4 {(00:00} c5 {(00:00} 2. Nf3 {(00:22} d6 {(
00:00} 3. d4 {(00:41} cxd4 {(00:00} 4. Nxd4 {(00:33}
a6 {(00:04} 5. c4 {(06:29} Nf6 {(00:15} 6. Nc3 {
(02:03} e6 {(02:50} 7. Be2 {(02:39} Nbd7 {(06:
10} 8. O-O {(07:00} Nc5 {(01:14} 9. Qc2 {(04:42} Qc7 {
(01:23} 10. Kh1 {(03:24} b6 {(01:02} 11. f4 {(
07:03} Bb7 {(00:34} 12. Bf3 {(04:19} Be7 {(01:42} 13.
Be3 {(05:31} Rc8 {(05:34} 14. Rac1 {(02:16} h5 {
(03:14} 15. f5 {(22:19} Ng4 {(06:44} 16. Bg1 {(
06:03} Bg5 {(14:52} 17. Rce1 {(02:44} Qe7 {(17:53} 18.
Na4 {(08:05} e5 {(18:49} 19. Nxb6 {(06:08} exd4 {
(01:08} 20. Nxc8 {(00:25} Bxc8 {(00:18} 21. Bxd4 {
(00:43} Bf6 {(03:53} 22. Bc3 {(03:49} Be5 {(00:
53} 23. h3 {(01:57} Qh4 24. Bxe5 {(00:35} dxe5 {(06:27]
} 25. Qc3 {(01:53} Qg3 {(02:41} 26. Bxg4 {(00:28} Qxc3
{(00:13} 27. bxc3 {(00:15} hxg4 {(00:04} 28. Re3 {
(00:52} Bb7 {(00:54} 29. Rfe1 {(00:17} gxh3 {(
01:05} 30. Rxh3 {(00:37} Rxh3+ {(00:13} 31. gxh3 {(00:
03} Bxe4+ {(01:01} 32. Kg1 {(00:44} Ke7 {(00:18} 33.
Rd1 {(00:48} Na4 {(02:05} 34. Rc1 {(00:32} Bxf5 {
(00:12} 35. h4 {(00:23} e4 {(00:34} 36. Kf2 {(
00:15} Nc5 {(00:42} 37. Ke3 {(00:26} Be6 {(02:03} 38.
Kd4 {(00:45} Nd3 {(00:50} 39. Rb1 {(00:16} f5 {(
00:14} 40. Rb6 {(00:00} Bc8 {(00:00} 41. Rc6 {(04:08}
Bd7 {(09:08} 42. Rg6 {(06:39} Kf7 {(01:48} 43. Rxa6 {
(01:51} f4 {(14:04} 44. Ra7 {(05:36} Nc5 {(08:
09} 45. Ra5 {(07:38} e3 {(00:34} 46. Rxc5 {(01:29} e2
{(00:14} 47. Re5 {(03:44} f3 {(00:09} 48. Kd3 {(
01:13} Bh3 {(01:09} 49. Rxe2 {(02:57} Bf1 {(00:11} 50.
Kd2 {(00:28} fxe2 {(00:34} 51. c5 {(00:42} Kg6 {
(00:41} 52. c6 {(00:29} e1=Q+ {(00:32} 53. Kxe1 {
(00:07} Ba6 {(00:04} 54. Kf2 {(00:20} Kf5 {(00:
23} 55. Kf3 {(00:30} Ke5 {(00:58} 56. Kg4 {(00:22} Kd6
{(00:33} 57. Kg5 {(00:13} Bd3 {(00:31} 58. h5 {(
00:11} Kxc6 {(00:07} 59. h6 {(00:44} gxh6+ {(00:05}
60. Kxh6 {(00:12} 1/2-1/2

[Event "42nd Olympiad Baku 2016 Women"]
[Site "Baku"]
[Date "2016.09.08"]
[Round "6.23"]
[White "Librelato, Kathie Goulart"]
[Black "Camp, Imogen A L"]
[Result "1-0"]
[ECO "B13"]
[WhiteElo "2079"]
[BlackElo "1718"]
[Annotator ""]
[PlyCount "135"]
[EventDate "2016.??.??"]
[EventType "team-tourn"]
[EventCountry "AZE"]
[SourceTitle "playchess.com"]
[Source "ChessBase"]
[WhiteTeam "Brazil"]
[BlackTeam "Wales"]
[WhiteTeamCountry "BRA"]
[BlackTeamCountry "WLS"]
[TimeControl "40/5400+30:1800+30"]

1. e4 {(00:00} c6 {(00:00} 2. d4 {(00:00} d5 {(
00:00} 3. exd5 {(02:32} cxd5 {(00:00} 4. Bd3 {(00:08}
Nc6 {(00:17} 5. c3 {(00:19} Nf6 {(01:00} 6. Bf4 {
(01:19} Bg4 {(02:26} 7. Qb3 {(05:25} Qc8 {(07:
31} 8. Nd2 {(02:51} e6 {(04:43} 9. Ngf3 {(06:02} Be7 {
(03:44} 10. O-O {(04:54} O-O {(00:49} 11. Rae1 {
(00:49} Bh5 {(14:28} 12. Ne5 {(23:10} Nxe5 {(03:
22} 13. Bxe5 {(00:33} Bg6 {(01:19} 14. Be2 {(10:53}
Ne4 {(03:42} 15. Nxe4 {(06:10} Bxe4 {(00:07} 16. c4 {
(01:10} Qd7 {(21:09} 17. c5 {(07:45} a6 {(04:05]
} 18. Rc1 {(01:04} Rfc8 {(06:36} 19. Rfd1 {(03:39} Rc6
{(07:35} 20. Qa4 {(02:15} Qc8 {(01:00} 21. Rc3 {
(04:16} f6 {(02:44} 22. Bg3 {(01:20} Bd8 {(04:
59} 23. Ra3 {(05:56} e5 {(02:54} 24. dxe5 {(02:49}
fxe5 {(01:48} 25. Bxe5 {(00:36} Qf5 {(02:21} 26. Qd4 {
(00:40} Rg6 {(00:44} 27. Rg3 {(01:40} Bh4 {(02:
43} 28. Rxg6 {(00:50} hxg6 {(00:23} 29. f3 {(03:02}
Bc2 {(00:40} 30. Qxd5+ {(00:32} Kh7 {(00:16} 31. Bd3 {
(01:44} Bxd3 {(00:44} 32. Rxd3 {(00:01} Rd8 {(
00:26} 33. Bd6 {(00:10} Qf6 {(00:49} 34. Qxb7 {(01:27}
Qe6 {(00:11} 35. Qe4 {(00:29} Qf6 {(00:46} 36. g3 {
(00:47} Bg5 {(00:06} 37. Rb3 {(00:33} Qf7 {(01:
13} 38. Rb7 {(00:35} Qxa2 {(00:39} 39. Qe2 {(00:33}
Qb1+ {(00:30} 40. Kg2 {(00:00} Qc1 {(00:00} 41. Qe5 {
(10:31} Qd2+ {(05:14} 42. Kh3 {(01:29} Bh6 {(01:
25} 43. Qe7 {(01:37} Rg8 {(02:30} 44. Qe4 {(11:52} Qf2
{(03:18} 45. c6 {(02:22} Qf1+ {(03:09} 46. Kg4 {
(00:20} a5 {(02:08} 47. c7 {(01:58} Qa6 {(01:20]
} 48. Qd5 {(03:49} Qa8 {(03:21} 49. f4 {(00:35} a4 {
(01:42} 50. Qb5 {(00:50} Qc8+ {(02:15} 51. Kf3 {
(00:15} Qa8 {(01:35} 52. Kf2 {(00:33} Qc8 {(01:
48} 53. Rb8 {(00:41} Qh3 {(00:24} 54. Rxg8 {(00:36}
Qxh2+ {(00:10} 55. Kf3 {(00:26} Qh1+ {(00:18} 56. Ke2 {
(00:36} Qg2+ {(00:59} 57. Kd1 {(00:18} Qg1+ {(
02:54} 58. Kc2 {(00:17} Qf2+ {(00:25} 59. Kb1 {(00:49}
Qe1+ {(00:27} 60. Kc2 {(00:14} Qf2+ {(01:09} 61. Kc3 {
(00:32} Qe1+ {(02:33} 62. Kc4 {(00:17} Qe4+ {(
00:37} 63. Kc5 {(00:20} Qc2+ {(00:53} 64. Kb6 {(00:18}
Qf2+ {(00:48} 65. Kb7 {(00:14} Qf3+ {(00:15} 66. Kb8 {
(00:13} Qd1 {(00:57} 67. c8=Q {(00:38} Qxd6+ {(
00:10} 68. Ka8 {(00:11} 1-0

[Event "42nd Olympiad Baku 2016 Women"]
[Site "Baku"]
[Date "2016.09.08"]
[Round "6.3"]
[White "Linares Napoles, Oleiny"]
[Black "Vangsgaard, Freja"]
[Result "1-0"]
[ECO "B13"]
[WhiteElo "2276"]
[BlackElo "1983"]
[Annotator ""]
[PlyCount "57"]
[EventDate "2016.??.??"]
[EventType "team-tourn"]
[EventCountry "AZE"]
[SourceTitle "playchess.com"]
[Source "ChessBase"]
[WhiteTeam "Cuba"]
[BlackTeam "Denmark"]
[WhiteTeamCountry "CUB"]
[BlackTeamCountry "DEN"]
[TimeControl "40/5400+30:1800+30"]

1. e4 {(00:00} c6 {(00:00} 2. d4 {(00:00} d5 {(
00:00} 3. exd5 {(00:02} cxd5 {(00:07} 4. c4 {(00:07}
Nf6 {(00:15} 5. Nc3 {(00:18} Nc6 {(00:20} 6. Bg5 {
(00:51} dxc4 {(00:51} 7. d5 {(05:21} Ne5 {(00:
32} 8. Qd4 {(00:14} h6 {(00:12} 9. Qxe5 {(01:20} hxg5
{(00:12} 10. Bxc4 {(00:37} Qb6 {(04:05} 11. Qg3 {
(39:00} Bd7 {(10:54} 12. Nge2 {(01:02} Rc8 {(07:
26} 13. Bb3 {(01:18} Qb4 {(22:46} 14. O-O {(09:42} Qg4
{(02:18} 15. Rfe1 {(02:00} Qh5 {(04:27} 16. Nd4 {
(04:12} Ng4 {(08:25} 17. h3 {(05:43} Nf6 {(01:
15} 18. Re5 {(02:40} Ng4 {(08:31} 19. Ree1 {(02:56} f6
{(04:07} 20. Bd1 {(04:36} f5 {(08:04} 21. Ncb5 {
(03:51} Kf7 {(03:18} 22. Re6 {(07:27} Bxb5 {(08:
00} 23. Nxb5 {(00:38} Rc5 {(01:14} 24. Nc3 {(01:54}
Rxd5 {(01:23} 25. Bb3 {(00:35} Kxe6 {(01:37} 26. Nxd5 {
(00:08} Kd7 {(00:36} 27. Qc7+ {(00:44} Ke8 {(00:
12} 28. Qc8+ {(00:17} Kf7 {(00:02} 29. Nf4+ {(00:09}
1-0

[Event "42nd Olympiad Baku 2016 Women"]
[Site "Baku"]
[Date "2016.09.08"]
[Round "6.24"]
[White "Lkhamsuren, Uuganbayar"]
[Black "Blagojevic, Lidija"]
[Result "1-0"]
[ECO "A55"]
[WhiteElo "2147"]
[BlackElo "1957"]
[Annotator ""]
[PlyCount "113"]
[EventDate "2016.??.??"]
[EventType "team-tourn"]
[EventCountry "AZE"]
[SourceTitle "playchess.com"]
[Source "ChessBase"]
[WhiteTeam "Mongolia"]
[BlackTeam "Montenegro"]
[WhiteTeamCountry "MGL"]
[BlackTeamCountry "MNE"]
[TimeControl "40/5400+30:1800+30"]

1. d4 {(00:00} d6 {(00:00} 2. c4 {(00:00} Nf6 {(
00:15} 3. Nc3 {(00:22} Nbd7 {(00:23} 4. Nf3 {(01:12}
e5 {(00:36} 5. e4 {(03:09} c6 {(01:31} 6. g3 {(
01:32} Be7 {(00:42} 7. Bg2 {(00:20} O-O {(00:24} 8.
O-O {(00:18} a6 {(01:03} 9. Qc2 {(01:58} Re8 {(
02:04} 10. Rd1 {(01:03} Qc7 {(00:07} 11. h3 {(00:58}
b5 {(00:40} 12. Be3 {(17:09} Bf8 {(04:25} 13. Rac1 {
(16:51} b4 {(22:32} 14. Ne2 {(03:05} exd4 {(06:
16} 15. Nfxd4 {(02:33} c5 {(03:44} 16. Nf5 {(06:51}
Bb7 {(01:12} 17. f3 {(02:28} Ne5 {(05:10} 18. Qd2 {
(12:01} g6 {(11:37} 19. Nh6+ {(11:24} Kg7 {(03:
23} 20. Bg5 {(02:04} Ng8 {(07:24} 21. b3 {(03:53} f6 {
(07:49} 22. Be3 {(00:16} Nf7 {(02:13} 23. Nxf7 {
(01:59} Qxf7 {(01:16} 24. Nf4 {(00:29} Rad8 {(
05:29} 25. g4 {(04:02} Ne7 {(02:20} 26. Qf2 {(01:24}
Nc8 {(01:15} 27. Rc2 {(01:55} Kg8 {(02:38} 28. Rcd2 {
(00:16} Qe7 {(00:59} 29. h4 {(01:38} Bg7 {(01:
12} 30. h5 {(01:39} g5 {(00:56} 31. Ne2 {(00:12} h6 {
(00:07} 32. Ng3 {(00:09} Bf8 {(01:17} 33. Nf5 {(
00:41} Qc7 {(00:47} 34. Rd3 {(00:38} Kf7 {(00:52} 35.
Kh1 {(02:14} Bc6 {(00:10} 36. Qg3 {(00:19} Qa5 {
(00:41} 37. R1d2 {(00:35} Ke6 {(01:19} 38. Qf2 {
(00:40} Qc7 {(00:30} 39. Qg3 {(00:27} Qb6 {(00:
20} 40. Qe1 {(00:00} Rd7 {(00:00} 41. Qd1 {(02:14}
Red8 {(01:44} 42. Bf2 {(01:43} Bb7 {(01:06} 43. Bg3 {
(00:55} Qc7 {(00:40} 44. f4 {(02:14} Bc6 {(01:
59} 45. Ne3 {(02:12} Bb7 {(03:48} 46. Qf3 {(01:51} Rf7
{(03:31} 47. Nd5 {(01:38} Bxd5 {(01:19} 48. exd5+ {
(03:10} Kd7 {(01:32} 49. fxg5 {(00:31} hxg5 {(
00:32} 50. Qf5+ {(00:21} Ke8 {(00:16} 51. Re2+ {(02:40]
} Ne7 {(00:06} 52. Rde3 {(00:31} Bg7 {(05:24} 53. Qh7 {
(02:46} Qc8 {(08:21} 54. Rxe7+ {(02:41} Rxe7 {(
00:54} 55. Rxe7+ {(00:12} Kxe7 {(00:05} 56. Qxg7+ {(00:
03} Ke8 {(00:18} 57. Be4 {(00:28} 1-0

[Event "42nd Olympiad Baku 2016 Women"]
[Site "Baku"]
[Date "2016.09.08"]
[Round "6.16"]
[White "Longson, Sarah N"]
[Black "Hapala, Elisabeth"]
[Result "0-1"]
[ECO "B40"]
[WhiteElo "2103"]
[BlackElo "2021"]
[Annotator ""]
[PlyCount "96"]
[EventDate "2016.??.??"]
[EventType "team-tourn"]
[EventCountry "AZE"]
[SourceTitle "playchess.com"]
[Source "ChessBase"]
[WhiteTeam "England"]
[BlackTeam "Austria"]
[WhiteTeamCountry "ENG"]
[BlackTeamCountry "AUT"]
[TimeControl "40/5400+30:1800+30"]

1. e4 {(00:00} c5 {(00:00} 2. Nf3 {(00:00} e6 {(
00:00} 3. g3 {(00:00} Nc6 {(00:00} 4. Bg2 {(00:00} Nf6
{(00:00} 5. Qe2 {(00:27} e5 {(00:02} 6. O-O {(
04:12} Be7 {(00:11} 7. d3 {(02:00} O-O {(00:14} 8.
Nbd2 {(06:38} Re8 {(04:21} 9. Re1 {(10:29} Bf8 {
(01:13} 10. Nf1 {(03:58} h6 {(02:06} 11. Ne3 {(
03:08} d5 {(02:36} 12. exd5 {(00:42} Nxd5 {(00:05} 13.
Nxd5 {(13:33} Qxd5 {(00:08} 14. Nd2 {(01:43} Qd7 {
(09:34} 15. c3 {(06:54} b6 {(03:58} 16. Nc4 {(
09:09} Bb7 {(00:40} 17. Ne3 {(04:57} Rad8 {(07:01} 18.
Be4 {(01:49} Ne7 {(33:37} 19. Ng4 {(08:02} Bxe4 {
(13:08} 20. dxe4 {(05:24} Qe6 {(00:13} 21. Ne3 {
(03:34} Rd7 {(01:35} 22. Rd1 {(00:35} Red8 {(00:
08} 23. Rxd7 {(00:17} Qxd7 {(01:15} 24. a4 {(05:13} g6
{(01:50} 25. Kg2 {(02:48} h5 {(01:02} 26. Qb5 {(
02:55} Kh7 {(06:16} 27. Qxd7 {(02:32} Rxd7 {(00:02}
28. Kf1 {(00:21} Bh6 {(01:59} 29. Ke2 {(00:20} Kg7 {
(04:10} 30. Nc4 {(00:26} Nc6 {(00:34} 31. Bxh6+ {
(00:16} Kxh6 {(00:01} 32. Rd1 {(01:02} Rxd1 {(
00:47} 33. Kxd1 {(00:01} Kg5 {(00:42} 34. h3 {(01:04}
f5 {(04:56} 35. exf5 {(00:37} gxf5 {(00:12} 36. Ke2 {
(00:30} h4 {(00:22} 37. Nxe5 {(01:56} Nxe5 {(02:
50} 38. f4+ {(00:01} Kg6 {(00:18} 39. fxe5 {(01:11}
hxg3 {(00:01} 40. Kf3 {(00:00} f4 {(00:00} 41. b4 {
(11:57} cxb4 {(01:08} 42. cxb4 {(00:08} Kf5 {(
00:10} 43. a5 {(00:57} Kxe5 {(01:14} 44. axb6 {(02:03}
axb6 {(00:04} 45. b5 {(00:19} Kf5 {(00:06} 46. h4 {
(01:15} Kg6 {(00:39} 47. Kg2 {(00:13} Kh6 {(00:
14} 48. Kh3 {(03:11} Kh5 {(00:07} 0-1

[Event "42nd Olympiad Baku 2016 Women"]
[Site "Baku"]
[Date "2016.09.08"]
[Round "6.9"]
[White "Lu, Rachel"]
[Black "Msukwa Tupokiwe"]
[Result "1-0"]
[ECO "B98"]
[WhiteElo "1671"]
[BlackElo "1232"]
[Annotator ""]
[PlyCount "55"]
[EventDate "2016.??.??"]
[EventType "team-tourn"]
[EventCountry "AZE"]
[SourceTitle "playchess.com"]
[Source "ChessBase"]
[WhiteTeam "Hong Kong"]
[BlackTeam "MAW"]
[WhiteTeamCountry "HKG"]
[TimeControl "40/5400+30:1800+30"]

1. e4 {(00:00} c5 {(00:00} 2. Nf3 {(00:00} d6 {(
00:00} 3. d4 {(00:00} cxd4 {(00:00} 4. Nxd4 {(00:00}
Nf6 {(00:22} 5. Nc3 {(00:00} a6 {(00:26} 6. Bg5 {
(00:04} e6 {(02:37} 7. f4 {(00:18} h6 {(02:57}
8. Bh4 {(01:27} Be7 {(00:54} 9. Qf3 {(01:16} Qc7 {
(04:03} 10. O-O-O {(03:52} Nbd7 {(04:54} 11. g4 {
(04:59} b5 {(10:00} 12. Bxf6 {(05:29} Bxf6 {(02:
12} 13. Bg2 {(04:41} Bb7 {(04:59} 14. h4 {(02:11} e5 {
(03:23} 15. Nf5 {(02:14} O-O {(04:24} 16. g5 {(
03:33} Rfd8 {(10:53} 17. gxf6 {(01:33} Nxf6 {(00:36}
18. Qg3 {(07:03} g6 {(04:52} 19. fxe5 {(05:09} dxe5 {
(01:51} 20. h5 {(03:04} Rxd1+ {(04:40} 21. Nxd1 {
(08:46} Nxe4 {(01:54} 22. Nxh6+ {(01:18} Kg7 {(
02:07} 23. Qe3 {(01:55} Rc8 {(08:38} 24. Bxe4 {(05:39}
Bxe4 {(04:30} 25. Qxe4 {(00:26} Kxh6 {(00:10} 26. hxg6+
{(00:40} Kg7 {(00:22} 27. Rh7+ {(00:47} Kf6 {(
01:38} 28. Rxf7+ 1-0

[Event "42nd Olympiad Baku 2016 Women"]
[Site "Baku"]
[Date "2016.09.08"]
[Round "6.4"]
[White "Lubuuto Bwalya Mulwale"]
[Black "Perez, Cecilia Manuela"]
[Result "0-1"]
[ECO "A85"]
[WhiteElo "1529"]
[BlackElo "1621"]
[Annotator ""]
[PlyCount "48"]
[EventDate "2016.??.??"]
[EventType "team-tourn"]
[EventCountry "AZE"]
[SourceTitle "playchess.com"]
[Source "ChessBase"]
[WhiteTeam "Zambia"]
[BlackTeam "Uruguay"]
[WhiteTeamCountry "ZAM"]
[BlackTeamCountry "URU"]
[TimeControl "40/5400+30:1800+30"]

1. d4 {(00:00} f5 {(00:19} 2. c4 {(00:00} Nf6 {(
00:57} 3. Nc3 {(00:16} e6 {(01:12} 4. Bg5 {(00:08} Be7
{(02:42} 5. Bxf6 {(01:35} Bxf6 {(00:09} 6. e4 {(
00:20} fxe4 {(03:28} 7. Nxe4 {(00:12} Be7 {(00:41} 8.
Qh5+ {(03:52} g6 {(00:29} 9. Qe5 {(01:48} O-O {(
00:26} 10. Nf3 {(01:51} d5 {(04:41} 11. Nc3 {(03:51}
Nc6 {(04:03} 12. Qe3 {(02:55} Bd6 {(04:05} 13. cxd5 {
(08:25} Nb4 {(01:27} 14. Bd3 {(05:21} Bf4 {(04:
36} 15. Qe2 {(03:22} exd5 {(03:08} 16. O-O {(00:47}
Bg4 {(01:49} 17. a3 {(05:02} Nxd3 {(05:25} 18. Qxd3 {
(01:16} Bxf3 {(00:59} 19. gxf3 {(00:26} Qh4 {(
00:17} 20. Rfe1 {(03:21} Qh3 {(02:20} 21. Nxd5 {(14:33]
} Bxh2+ {(00:12} 22. Kh1 {(00:40} Bg3+ {(00:09} 23. Kg1
{(00:54} Qh2+ {(00:10} 24. Kf1 {(00:42} Qxf2# 0-1

[Event "42nd Olympiad Baku 2016 Women"]
[Site "Baku"]
[Date "2016.09.08"]
[Round "6.12"]
[White "Machlik, Edit"]
[Black "Santeramo, Alessia"]
[Result "0-1"]
[ECO "D20"]
[WhiteElo "2056"]
[BlackElo "2001"]
[Annotator ""]
[PlyCount "76"]
[EventDate "2016.??.??"]
[EventType "team-tourn"]
[EventCountry "AZE"]
[SourceTitle "playchess.com"]
[Source "ChessBase"]
[WhiteTeam "Norway"]
[BlackTeam "Italy"]
[WhiteTeamCountry "NOR"]
[BlackTeamCountry "ITA"]
[TimeControl "40/5400+30:1800+30"]

1. d4 {(00:00} d5 {(00:00} 2. c4 {(00:00} dxc4 {
(00:00} 3. e4 {(00:00} Nc6 {(00:04} 4. Nf3 {(02:
33} Bg4 {(00:38} 5. d5 {(00:14} Ne5 {(01:03} 6. Bf4 {
(00:09} Ng6 {(00:09} 7. Be3 {(02:50} Nf6 {(00:
51} 8. Nc3 {(01:08} e5 {(01:18} 9. Bxc4 {(00:15} Nh4 {
(07:34} 10. O-O {(12:30} Nxf3+ {(08:12} 11. gxf3 {
(00:04} Bh3 {(00:17} 12. Re1 {(02:41} a6 {(08:
59} 13. Bf1 {(03:39} Bxf1 {(02:38} 14. Rxf1 {(00:08}
Be7 {(00:36} 15. Rc1 {(07:36} O-O {(08:45} 16. Na4 {
(02:24} Nh5 {(12:08} 17. Nc5 {(05:11} Bxc5 {(13:
35} 18. Rxc5 {(02:04} f5 {(01:45} 19. Qb3 {(05:35} f4
{(08:00} 20. Bd2 {(01:07} b6 {(10:59} 21. Rc6 {(
05:07} Kh8 {(00:59} 22. Qc3 {(03:22} Qg5+ {(05:28} 23.
Kh1 {(00:07} Rae8 {(03:41} 24. Rxc7 {(02:23} Qh4 {
(00:13} 25. Be1 {(06:51} Qh3 {(00:17} 26. Rg1 {(
01:04} Rf6 {(00:20} 27. Qd3 {(12:23} Rh6 {(00:03} 28.
Rg2 {(00:34} Rd8 {(02:55} 29. Bb4 {(03:40} Rg6 {
(00:58} 30. Rxg6 {(02:31} hxg6 {(00:01} 31. Kg1 {
(08:13} Nf6 {(00:02} 32. Be7 {(02:46} Ng4 {(00:
12} 33. Rc2 {(03:21} Nxh2 {(00:56} 34. Rc3 {(00:35}
Rd7 {(00:35} 35. d6 {(01:54} g5 {(00:56} 36. Qxa6 {
(02:14} Kh7 {(01:20} 37. Qe2 {(00:43} g4 {(00:
22} 38. fxg4 {(00:33} f3 {(00:09} 0-1